[ AOE2 MATCH · #506587177 ]
UnrankedIncas vs Huns
Player's team · LOSS
[ REPLAY ANALYSIS · EXTRACTED FROM THE RECORDED GAME ]
Feudal
8:53
Castle
—
Imperial
—
| APM avg | 61.9 |
| APM peak | 88 |
| eAPM avg | 21.6 |
| Villagers / military | 43 / 0 |
Focus
⚔️ 34.7% · 🌾 65.3%
Unknown (2550) ×15
Feudal
9:02
Castle
—
Imperial
—
| APM avg | 54.8 |
| APM peak | 92 |
| eAPM avg | 26.1 |
| Villagers / military | 54 / 17 |
Focus
⚔️ 32.6% · 🌾 67.4%
Archer ×11 · Militia ×6
Match map
Initial resources + every placement click. Lines = walls · curves = elevation contours. ◆ gold · ⬟ stone · ● berries · ✦ relic · ◌ wall gap
Your base· Open — unwalled flank
cff's base· Open — unwalled flank
Smoothed initial terrain · ◌ = detected wall gap · hover for details
Inputs per minute
— RD | El_Zapatero22 - - cff
Build order — RD | El_Zapatero22
102 actions detected in the replay
| 0:00 | Create | Villager (Male) ×4 |
| 0:01 | Build | House |
| 0:02 | Build | House |
| 0:32 | Build | Settlement |
| 1:33 | Create | Villager (Male) |
| 2:07 | Create | Villager (Male) |
| 2:07 | Create | Villager (Male) |
| 2:08 | Create | Villager (Male) |
| 2:29 | Create | Villager (Male) |
| 2:30 | Create | Villager (Male) |
| 2:48 | Create | Villager (Male) |
| 3:23 | Create | Villager (Male) |
| 3:23 | Create | Villager (Male) |
| 3:24 | Create | Villager (Male) |
| 3:38 | Create | Villager (Male) |
| 3:49 | Create | Villager (Male) |
| 4:06 | Create | Villager (Male) |
| 4:22 | Create | Villager (Male) |
| 4:40 | Create | Villager (Male) |
| 4:54 | Create | Villager (Male) |
| 5:19 | Create | Villager (Male) |
| 6:36 | Research | Feudal Age |
| 7:42 | Build | Barracks |
| 8:24 | Create | Villager (Male) |
| 8:25 | Create | Unit 2550 |
| 8:26 | Create | Unit 2550 |
| 8:53 | Age | Feudal Age |
| 8:55 | Build | Blacksmith |
| 9:01 | Build | Palisade Wall |
| 9:03 | Build | Palisade Wall |
| 9:04 | Build | Palisade Wall |
| 9:06 | Build | Palisade Wall |
| 9:13 | Build | House |
| 9:15 | Build | Palisade Wall |
| 9:23 | Research | Tech 1402 |
| 9:24 | Create | Villager (Male) |
| 9:28 | Build | Palisade Wall |
| 9:41 | Research | Scale Mail Armor |
| 9:52 | Create | Villager (Male) |
| 10:00 | Build | Watch Tower |
| 10:09 | Build | Watch Tower |
| 10:11 | Build | Settlement |
| 10:13 | Create | Villager (Male) |
| 10:33 | Build | Palisade Wall |
| 10:41 | Research | Loom |
| 11:04 | Build | House |
| 11:06 | Create | Unit 2550 |
| 11:08 | Create | Villager (Male) |
| 11:12 | Build | Palisade Wall |
| 11:23 | Build | Settlement |
| 11:54 | Create | Villager (Male) |
| 12:12 | Research | Forging |
| 12:32 | Build | Farm |
| 12:34 | Create | Villager (Male) |
| 12:59 | Build | Watch Tower |
| 13:12 | Create | Villager (Male) |
| 13:16 | Build | Farm |
| 13:17 | Build | Market |
| 13:28 | Create | Villager (Male) |
| 13:45 | Create | Unit 2550 |
| 13:46 | Create | Unit 2550 |
| 14:04 | Build | Farm |
| 14:18 | Create | Villager (Male) |
| 14:32 | Build | Stone Wall |
| 14:34 | Build | Stone Wall |
| 14:53 | Create | Villager (Male) |
| 14:54 | Create | Unit 2550 |
| 15:16 | Create | Villager (Male) |
| 15:26 | Build | Palisade Wall |
| 15:30 | Create | Villager (Male) |
| 15:41 | Build | Farm |
| 15:42 | Build | Farm |
| 15:43 | Create | Unit 2550 |
| 15:50 | Build | Farm |
| 15:52 | Build | Farm |
| 16:20 | Create | Villager (Male) |
| 16:23 | Create | Unit 2550 |
| 16:28 | Build | Farm |
| 16:46 | Build | Farm |
| 16:50 | Create | Villager (Male) |
| 16:55 | Research | Arson |
| 17:26 | Create | Unit 2550 |
| 17:29 | Create | Villager (Male) |
| 17:52 | Create | Villager (Male) |
| 18:05 | Build | Palisade Wall |
| 18:09 | Build | Palisade Wall |
| 18:14 | Build | Palisade Wall |
| 18:37 | Create | Villager (Male) |
| 18:44 | Create | Unit 2550 |
| 18:54 | Build | Watch Tower |
| 19:26 | Build | Palisade Wall |
| 19:30 | Create | Villager (Male) |
| 19:46 | Create | Villager (Male) |
| 20:08 | Create | Villager (Male) |
| 20:23 | Create | Unit 2550 |
| 20:23 | Create | Unit 2550 |
| 20:23 | Create | Unit 2550 |
| 20:53 | Build | Palisade Wall |
| 20:54 | Build | Palisade Wall |
| 20:55 | Create | Villager (Male) |
| 21:02 | Create | Unit 2550 |
| 21:27 | Create | Unit 2550 |
Build order — cff
127 actions detected in the replay
| 0:00 | Create | Villager (Male) |
| 0:01 | Create | Villager (Male) |
| 0:01 | Create | Villager (Male) |
| 0:01 | Create | Villager (Male) |
| 0:01 | Create | Villager (Male) |
| 1:30 | Create | Villager (Male) |
| 1:53 | Create | Villager (Male) |
| 1:53 | Create | Villager (Male) |
| 2:08 | Build | Lumber Camp |
| 2:25 | Create | Villager (Male) |
| 2:25 | Create | Villager (Male) |
| 2:57 | Create | Villager (Male) |
| 2:58 | Create | Villager (Male) |
| 2:58 | Create | Villager (Male) |
| 3:39 | Create | Villager (Male) |
| 3:40 | Create | Villager (Male) |
| 4:00 | Create | Villager (Male) |
| 4:00 | Create | Villager (Male) |
| 4:25 | Create | Villager (Male) |
| 4:26 | Create | Villager (Male) |
| 4:26 | Create | Villager (Male) |
| 5:25 | Build | Barracks |
| 5:37 | Create | Villager (Male) |
| 5:38 | Create | Villager (Male) |
| 5:39 | Research | Loom |
| 6:46 | Research | Feudal Age |
| 6:46 | Research | Feudal Age |
| 7:03 | Create | Militia |
| 7:26 | Build | Mill |
| 7:29 | Create | Militia |
| 7:29 | Create | Militia |
| 7:46 | Create | Villager (Male) |
| 7:54 | Build | Mill |
| 8:16 | Create | Militia |
| 8:16 | Create | Militia |
| 9:02 | Age | Feudal Age |
| 9:04 | Create | Villager (Male) |
| 9:19 | Build | Archery Range |
| 9:27 | Research | Man-at-Arms (upgrade) |
| 9:28 | Research | Man-at-Arms (upgrade) |
| 9:50 | Create | Villager (Male) |
| 10:06 | Create | Villager (Male) |
| 10:08 | Build | Mining Camp |
| 10:23 | Build | Farm |
| 10:29 | Create | Villager (Male) |
| 10:52 | Create | Villager (Male) |
| 10:57 | Build | Palisade Wall |
| 11:01 | Build | Palisade Wall |
| 11:10 | Build | Farm |
| 11:12 | Create | Villager (Male) |
| 11:12 | Create | Villager (Male) |
| 11:19 | Build | Palisade Wall |
| 11:21 | Build | Palisade Wall |
| 11:23 | Build | Palisade Wall |
| 11:24 | Build | Palisade Wall |
| 11:26 | Build | Palisade Wall |
| 11:28 | Build | Palisade Wall |
| 11:29 | Build | Palisade Wall |
| 11:37 | Create | Villager (Male) |
| 11:48 | Build | Farm |
| 11:58 | Build | Farm |
| 12:00 | Create | Villager (Male) |
| 12:04 | Create | Archer |
| 12:04 | Create | Archer |
| 12:08 | Build | Palisade Wall |
| 12:10 | Build | Palisade Wall |
| 12:38 | Build | Palisade Wall |
| 12:41 | Build | Palisade Wall |
| 12:43 | Build | Palisade Wall |
| 12:45 | Build | Palisade Wall |
| 12:49 | Create | Villager (Male) |
| 12:57 | Create | Archer |
| 12:57 | Create | Archer |
| 13:18 | Create | Villager (Male) |
| 13:21 | Build | Farm |
| 13:23 | Build | Farm |
| 13:25 | Build | Farm |
| 13:25 | Build | Farm |
| 13:28 | Build | Farm |
| 13:29 | Build | Farm |
| 13:38 | Create | Villager (Male) |
| 13:38 | Create | Villager (Male) |
| 13:46 | Create | Archer |
| 13:51 | Create | Villager (Male) |
| 13:52 | Build | Farm |
| 14:04 | Build | Palisade Wall |
| 14:13 | Research | Arson |
| 14:13 | Research | Arson |
| 14:22 | Build | Palisade Wall |
| 14:56 | Build | Watch Tower |
| 15:03 | Create | Villager (Male) |
| 15:05 | Create | Archer |
| 15:42 | Create | Archer |
| 15:48 | Create | Villager (Male) |
| 15:48 | Create | Villager (Male) |
| 15:48 | Create | Villager (Male) |
| 15:49 | Create | Villager (Male) |
| 15:49 | Create | Villager (Male) |
| 15:57 | Create | Villager (Male) |
| 15:58 | Create | Villager (Male) |
| 16:01 | Create | Villager (Male) |
| 16:02 | Create | Villager (Male) |
| 16:10 | Build | Farm |
| 16:22 | Create | Archer |
| 16:30 | Create | Villager (Male) |
| 16:36 | Create | Villager (Male) |
| 16:40 | Build | Blacksmith |
| 16:49 | Build | Blacksmith |
| 16:57 | Create | Villager (Male) |
| 17:39 | Create | Villager (Male) |
| 18:06 | Create | Villager (Male) |
| 18:09 | Create | Archer |
| 18:11 | Research | Fletching |
| 18:11 | Research | Fletching |
| 18:15 | Build | Lumber Camp |
| 18:46 | Create | Villager (Male) |
| 18:54 | Create | Archer |
| 19:37 | Build | Market |
| 20:18 | Create | Archer |
| 20:20 | Build | Farm |
| 20:34 | Research | Castle Age |
| 20:34 | Research | Castle Age |
| 20:49 | Build | Farm |
| 20:57 | Create | Militia |
| 21:10 | Build | Stable |
| 21:29 | Research | Padded Archer Armor |
| 21:30 | Create | Villager (Male) |
Match timeline
| 5:25 | cff · first_building Barracks |
| 7:42 | RD | El_Zapatero22 · first_building Barracks |
| 8:53 | RD | El_Zapatero22 · age_up feudal |
| 9:01 | RD | El_Zapatero22 · wall_segment Palisade Wall x1 |
| 9:02 | cff · age_up feudal |
| 9:03 | RD | El_Zapatero22 · wall_segment Palisade Wall x1 |
| 9:04 | RD | El_Zapatero22 · wall_segment Palisade Wall x1 |
| 9:06 | RD | El_Zapatero22 · wall_segment Palisade Wall x1 |
| 9:15 | RD | El_Zapatero22 · wall_segment Palisade Wall x2 |
| 9:19 | cff · first_building Archery Range |
| 9:28 | RD | El_Zapatero22 · wall_segment Palisade Wall x4 |
| 10:33 | RD | El_Zapatero22 · wall_segment Palisade Wall x1 |
| 10:57 | cff · wall_segment Palisade Wall x1 |
| 11:01 | cff · wall_segment Palisade Wall x1 |
| 11:12 | RD | El_Zapatero22 · wall_segment Palisade Wall x1 |
| 11:19 | cff · wall_segment Palisade Wall x1 |
| 11:21 | cff · wall_segment Palisade Wall x1 |
| 11:23 | cff · wall_segment Palisade Wall x1 |
| 11:24 | cff · wall_segment Palisade Wall x1 |
| 11:26 | cff · wall_segment Palisade Wall x1 |
| 11:28 | cff · wall_segment Palisade Wall x1 |
| 11:29 | cff · wall_segment Palisade Wall x1 |
| 12:08 | cff · wall_segment Palisade Wall x2 |
| 12:10 | cff · wall_segment Palisade Wall x1 |
| 12:38 | cff · wall_segment Palisade Wall x1 |
| 12:41 | cff · wall_segment Palisade Wall x1 |
| 12:43 | cff · wall_segment Palisade Wall x1 |
| 12:45 | cff · wall_segment Palisade Wall x1 |
| 14:04 | cff · wall_segment Palisade Wall x1 |
| 14:22 | cff · wall_segment Palisade Wall x3 |
| 14:32 | RD | El_Zapatero22 · wall_segment Stone Wall x1 |
| 14:34 | RD | El_Zapatero22 · wall_segment Stone Wall x1 |
| 15:26 | RD | El_Zapatero22 · wall_segment Palisade Wall x1 |
| 18:05 | RD | El_Zapatero22 · wall_segment Palisade Wall x1 |
| 18:09 | RD | El_Zapatero22 · wall_segment Palisade Wall x1 |
| 18:14 | RD | El_Zapatero22 · wall_segment Palisade Wall x1 |
| 19:26 | RD | El_Zapatero22 · wall_segment Palisade Wall x1 |
| 20:32 | cff · first_market_sell 100 wood |
| 20:33 | cff · first_market_buy 100 food |
| 20:53 | RD | El_Zapatero22 · wall_segment Palisade Wall x3 |
| 20:54 | RD | El_Zapatero22 · wall_segment Palisade Wall x1 |
| 21:10 | cff · first_building Stable |
| 21:48 | RD | El_Zapatero22 · resign |
[ AI ANALYSIS · 1 CREDIT ]
What really happened in this match?
Wolo.gg analyzes every decision: build order, eco, micro, common mistakes by bracket. Personalized analysis on WhatsApp or Discord in 30 seconds.
Civ guide
Incas
Perfil
Jugador #17795993